Map: Galactic Process LE

Players

Fadeslayer - Winner!

  • Race: Zerg Zerg
  • League: Silver

A.I. 1 (Harder)

  • Race: Protoss Protoss

VOD

Have the link to the VOD?

Description

Time

  • Played on: July 24, 2016, 1:57 p.m.
  • Length: 10:20
Show
View Real Time Build Order
Export as new Build Order

Fadeslayer Zerg - Winner!

Build Orders: Pool First 

Get SALT Encoding   

  12  0:01  Drone  
  13  0:13  Overlord  
  13  0:21  Drone  
  14  0:34  Drone x2  
  16  0:44  Spawning Pool  
  16  0:45  Drone  
  16  0:56  Drone  
  17  1:00  Extractor  
  17  1:01  Drone  
  17  1:03  Extractor  
  16  1:08  Drone  
  17  1:18  Drone  
  18  1:29  Drone  
  19  1:34  Queen  
  19  1:39  Drone  
  22  1:54  Hatchery  
  22  1:55  Overlord  
  21  2:03  Zergling x2  
  22  2:18  Drone  
  23  2:23  Drone, Metabolic Boost  
  24  2:34  Drone  
  25  2:44  Zergling x2  
  25  2:49  Lair  
  26  2:57  Roach Warren  
  25  3:06  Overlord  
  25  3:07  Zergling x4  
  27  3:20  Queen  
  29  3:29  Drone x7  
  36  3:46  Glial Reconstitution  
  37  3:48  Drone x2  
  38  3:57  Roach x3  
  38  4:02  Overlord  
  44  4:05  Overlord  
  44  4:23  Roach  
  44  4:24  Roach x4  
  54  4:40  Roach x2  
  54  4:42  Ravager  
  54  4:44  Drone  
  60  4:47  Overlord x2  
  60  4:48  Overlord  
  60  5:06  Drone x3  
  60  5:07  Drone x2  
  65  5:10  Extractor  
  65  5:13  Extractor  
  64  5:14  Zergling x8  
  64  5:17  Ravager  
  64  5:18  Ravager  
  64  5:19  Ravager  
  70  5:35  Zergling x2  
  71  5:36  Roach, Zergling x2  
  71  5:37  Roach x4  
  71  5:40  Drone x2  
  71  5:42  Overlord  
  84  6:12  Roach x4  
  84  6:15  Overlord  
  92  6:23  Overlord  
  92  6:24  Overlord x2, Hydralisk Den  
  91  6:44  Roach x2  
  95  6:47  Ravager  
  95  6:48  Ravager  
  95  6:51  Zergling x2  
  95  6:52  Zergling x2  
  99  7:00  Drone x2  
  101  7:08  Queen  
  101  7:15  Roach x3, Hydralisk x3  
  109  7:16  Hatchery, Hydralisk x2  
  109  7:19  Muscular Augments  
  118  7:36  Zergling x8  
  122  7:47  Hydralisk  
  122  7:51  Overlord x5  
  91  8:05  Hydralisk  
  91  8:06  Hydralisk x3  
  92  8:17  Hydralisk x3  
  90  8:22  Roach  
  90  8:23  Zergling x2  
  90  8:24  Zergling x2  
  92  8:40  Drone  
  92  8:41  Drone x7  
  100  9:03  Roach  
  100  9:04  Roach x5  
  104  9:36  Roach x4  
  104  9:37  Roach x10  
  104  9:38  Zergling x4  
Show
View Real Time Build Order
Export as new Build Order

A.I. 1 (Harder) Protoss 

Build Orders: 1 Gate Expand 

Get SALT Encoding   

  12  0:01  Probe (Chrono Boost)  
  13  0:11  Probe (Chrono Boost)  
  14  0:20  Pylon  
  14  0:22  Probe (Chrono Boost)  
  15  0:38  Probe (Chrono Boost)  
  16  0:48  Probe (Chrono Boost)  
  17  0:50  Gateway  
  17  1:10  Nexus  
  17  1:12  Probe (Chrono Boost)  
  18  1:28  Pylon  
  18  1:30  Assimilator  
  18  1:34  Zealot  
  20  1:42  Cybernetics Core  
  20  1:44  Probe (Chrono Boost)  
  21  1:55  Probe (Chrono Boost)  
  22  2:05  Gateway  
  22  2:06  Probe (Chrono Boost)  
  23  2:13  Assimilator  
  23  2:14  Stalker  
  26  2:23  Pylon, Probe (Chrono Boost)  
  26  2:36  Warp Gate, Probe (Chrono Boost)  
  27  2:42  Adept  
  27  2:44  Probe (Chrono Boost)  
  28  2:47  Probe (Chrono Boost)  
  31  2:55  Probe (Chrono Boost)  
  33  2:58  Probe (Chrono Boost)  
  34  3:06  Probe (Chrono Boost)  
  34  3:07  Gateway  
  34  3:10  Probe (Chrono Boost)  
  35  3:14  Zealot  
  35  3:17  Probe (Chrono Boost)  
  38  3:28  Stalker  
  40  3:41  Stalker  
  40  3:44  Assimilator  
  42  3:53  Probe (Chrono Boost)  
  42  3:54  Pylon  
  44  3:56  Sentry, Probe (Chrono Boost)  
  46  4:05  Probe (Chrono Boost)  
  46  4:07  Probe (Chrono Boost)  
  46  4:08  Forge  
  48  4:12  Stargate  
  48  4:22  Probe (Chrono Boost)  
  50  4:25  Probe (Chrono Boost)  
  49  4:33  Probe (Chrono Boost), Protoss Ground Weapons Level 1  
  49  4:35  Probe (Chrono Boost)  
  51  4:39  Assimilator  
  51  4:42  Pylon  
  51  4:44  Probe (Chrono Boost)  
  52  4:47  Probe (Chrono Boost)  
  52  4:51  Zealot  
  55  4:55  Probe (Chrono Boost)  
  55  4:58  Probe (Chrono Boost)  
  57  5:04  Zealot  
  57  5:07  Pylon, Probe (Chrono Boost)  
  60  5:09  Probe (Chrono Boost)  
  61  5:18  Probe (Chrono Boost), Zealot  
  64  5:27  Pylon, Probe (Chrono Boost)  
  66  5:29  Void Ray, Probe (Chrono Boost)  
  70  5:38  Probe (Chrono Boost)  
  70  5:41  Probe (Chrono Boost)  
  72  5:45  Stalker  
  75  5:50  Probe (Chrono Boost)  
  75  5:52  Pylon, Probe (Chrono Boost)  
  76  5:59  Stalker  
  80  6:11  Probe x2 (Chrono Boost)  
  80  6:12  Stalker  
  80  6:13  Pylon  
  80  6:16  Twilight Council  
  82  6:18  Protoss Ground Armor Level 1  
  82  6:26  Stalker  
  84  6:33  Photon Cannon  
  84  6:34  Robotics Facility  
  84  6:39  Sentry  
  86  6:42  Pylon  
  86  6:45  Blink  
  86  6:47  Photon Cannon  
  86  6:49  Pylon  
  86  6:51  Pylon  
  86  6:53  Sentry  
  88  6:59  Forge  
  88  7:05  Void Ray  
  88  7:06  Adept  
  90  7:12  Photon Cannon  
  90  7:15  Photon Cannon  
  90  7:17  Void Ray  
  90  7:20  Observer  
  95  7:39  Observer  
  95  7:52  Zealot  
  69  8:05  Zealot  
  69  8:08  Immortal  
  69  8:12  Mothership Core (Chrono Boost)  
  65  8:23  Zealot  
  57  8:31  Probe (Chrono Boost)  
  52  8:35  Probe (Chrono Boost)  
  52  8:37  Zealot  
  52  8:46  Immortal  
  52  8:47  Probe (Chrono Boost)  
  52  8:55  Zealot  
  47  9:07  Void Ray  
  43  9:18  Stalker  
  43  9:24  Sentry, Immortal  
  41  9:30  Probe (Chrono Boost)  
  48  9:32  Stalker  
  46  9:42  Probe (Chrono Boost)  
  45  9:48  Stalker  
  42  9:55  Sentry  
  34  10:04  Pylon  
  28  10:10  Sentry  
  28  10:11  Nexus x2  
  26  10:16  Assimilator  
Tags
 
Add a new tag
Caveats
  • Supply blocks, unpowered buildings, or Contaminate may cause inaccurate times.
  • Supply counts are checked every 10 seconds.